 Dungeon Crawl Stone Soup version 0.29-a0-233-g1125b37a9b (webtiles) character file.

Game seed: 17333258951180734176

562229 Inarius the Squelcher (level 25, -8/203 HPs)
             Began as a Demonspawn Fighter on Feb 28, 2022.
             Was an Initiate of Jiyva.
             Mangled by a freezing wraith (9 damage)
             ... in the Vestibule of Hell on Mar 1, 2022.
             The game lasted 02:37:43 (63726 turns).

Inarius the Squelcher (Demonspawn Fighter)         Turns: 63726, Time: 02:37:44

Health: -8/203     AC: 21    Str: 26 (27) XL:     25   Next: 38%
Magic:  0/35       EV:  7    Int: 19 (22) God:    Jiyva [......]
Gold:   4006       SH: 17    Dex: 12      Spells: 24/24 levels left

rFire   + + +      SeeInvis .   y - +8 broad axe of the Dancing Oracle {vamp, +Blink rF+}
rCold   + . .      Faith    .   e - +1 kite shield {rC+}
rNeg    + + +      Spirit   +   X - +1 plate armour of Fortification {Rampage rElec Regen+}
rPois   +          Reflect  .   Z - +1 helmet "Raberes" {Regen+}
rElec   +          Harm     .   (cloak unavailable)
rCorr   .          Rampage  +   V - +2 pair of gloves "Boymoov" {+Inv rN+++ Int+6}
Will    +....                   (no boots)
Stlth   ..........              O - amulet of guardian spirit
HPRegen 2.03/turn               U - ring "Ysesek" {rF++ Int+6}
MPRegen 0.24/turn               a - ring of poison resistance

@: weakened, hasted and slowed
A: rugged brown scales 3, icemail 2, augmentation 3, condensation shield,
demonic magic 2, weakness stinger 3, deformed body, low MP 1, [clumsy 1],
[deterioration 2], [frail 1]
}: 3/15 runes: decaying, silver, gossamer
a: Renounce Religion, Evoke Blink, Evoke Invisibility


You were in the Vestibule of Hell.
You worshipped Jiyva.
Jiyva was noncommittal.
You visited 13 branches of the dungeon, and saw 54 of its levels.
You visited the Abyss 3 times.
You visited 1 bazaar.
You also visited: Ossuary and Desolation.

You collected 9815 gold pieces.
You spent 5809 gold pieces at shops.

Inventory:

Hand Weapons
 c - a +9 broad axe of flaming
 y - the +8 broad axe of the Dancing Oracle (weapon) {vamp, +Blink rF+}
   (You bought it in a shop on level 3 of the Elven Halls)

   It occasionally heals its wielder for a portion of the damage dealt when it
   wounds a living foe.
   rF:        It protects you from fire.
   +Blink:    It lets you blink.
 B - a +8 broad axe of chaos
Armour
 e - a +1 kite shield of cold resistance (worn)
 q - the +18 shield of the Gong {rElec rN+ Will+ EV-5}
   (You found it on level 9 of the Dungeon)

   It is deafeningly noisy when blocking attacks.
   EV:        It affects your evasion (-5).
   rElec:     It insulates you from electricity.
   rN:        It protects you from negative energy.
   Will:      It increases your willpower.
 w - a +0 tower shield
 V - the +2 pair of gloves "Boymoov" (worn) {+Inv rN+++ Int+6}
   (You found it on level 6 of the Lair of Beasts)

   Int:       It affects your intelligence (+6).
   rN:        It renders you almost immune to negative energy.
   +Inv:      It lets you turn invisible.
 X - the +1 plate armour of Fortification (worn) {Rampage rElec Regen+}
   (You found it on level 6 of the Lair of Beasts)

   rElec:     It insulates you from electricity.
   Regen:     It increases your rate of health regeneration.
   Rampage:   It bestows one free step when moving towards enemies.
 Z - the +1 helmet "Raberes" (worn) {Regen+}
   (You found it on level 1 of the Orcish Mines)

   Regen:     It increases your rate of health regeneration.
Jewellery
 a - a ring of poison resistance (right hand)
 h - the ring "Xekuath" {Wiz Fly Str+8 Slay-5 Stlth-}
   (You took it off an ironbound convoker in the Desolation of Salt)

   [ring of wizardry]

   It improves your spell success rate.
   Str:       It affects your strength (+8).
   Slay:      It affects your accuracy & damage with ranged weapons and melee
   (-5).
   Fly:       It grants you flight.
   Stlth:     It makes you less stealthy.
 i - the ring of Aprag {rCorr AC+4 Int+5}
   (You found it in the Desolation of Salt)

   [ring of protection]

   AC:        It affects your AC (+4).
   Int:       It affects your intelligence (+5).
   rCorr:     It protects you from acid and corrosion.
 n - the ring of Egomania {rF+ EV+4 Slay+6}
   (You found it on level 3 of the Elven Halls)

   [ring of evasion]

   EV:        It affects your evasion (+4).
   Slay:      It affects your accuracy & damage with ranged weapons and melee
   (+6).
   rF:        It protects you from fire.
 t - the ring "Etusuix" {rC+ rN+ AC+4 Slay+3}
   (You found it in the Desolation of Salt)

   [ring of protection]

   AC:        It affects your AC (+4).
   Slay:      It affects your accuracy & damage with ranged weapons and melee
   (+3).
   rC:        It protects you from cold.
   rN:        It protects you from negative energy.
 F - the ring "Lablic" {Will+ Dex+2}
   (You took it off a deep elf annihilator on level 14 of the Dungeon)

   [ring of willpower]

   Dex:       It affects your dexterity (+2).
   Will:      It increases your willpower.
 O - an amulet of guardian spirit (around neck)
 P - the ring of Uskayaw's Reproof {rElec rN++ Will+ Str-2 Dex+4}
   (You found it on level 3 of the Elven Halls)

   [ring of willpower]

   Str:       It affects your strength (-2).
   Dex:       It affects your dexterity (+4).
   rElec:     It insulates you from electricity.
   rN:        It greatly protects you from negative energy.
   Will:      It increases your willpower.
 U - the ring "Ysesek" (left hand) {rF++ Int+6}
   (You bought it in a shop in a bazaar)

   [ring of intelligence]

   Int:       It affects your intelligence (+6).
   rF:        It greatly protects you from fire.
 Y - the ring of Ridwal {rN+ SInv Stlth+}
   (You took it off an orc knight on level 1 of the Orcish Mines)

   [ring of see invisible]

   rN:        It protects you from negative energy.
   SInv:      It lets you see invisible.
   Stlth:     It makes you more stealthy.
Wands
 u - a wand of iceblast (26)
 L - a wand of mindburst (16)
 M - a wand of paralysis (17)
 N - a wand of charming (9)
 S - a wand of acid (17)
Scrolls
 b - 3 scrolls of magic mapping
 g - 2 scrolls of summoning
 j - 18 scrolls of teleportation
 k - 11 scrolls of enchant armour
 o - 6 scrolls of immolation
 r - 12 scrolls of fear
 s - 19 scrolls of identify
 D - 10 scrolls of vulnerability
 J - 6 scrolls of fog
 Q - a scroll of blinking
Potions
 d - a potion of might
 f - 2 potions of resistance
 l - 4 potions of invisibility
 m - 5 potions of flight
 x - 3 potions of cancellation
 z - 2 potions of haste
 A - 4 potions of attraction
 E - 13 potions of mutation
 G - 6 potions of heal wounds
 H - 9 potions of brilliance
 I - 9 potions of magic
 K - 10 potions of curing
Miscellaneous
 p - a phantom mirror
 R - a condenser vane (inert)
 T - a box of beasts
 W - a phantom mirror


   Skills:
 + Level 19.9 Fighting
 * Level 23.5 Axes
 + Level 13.5 Armour
 - Level 23.5 Shields
 * Level 24.5 Invocations
 + Level 9.1 Evocations


You had 24 spell levels left.
You didn't know any spells.
Your spell library contained the following spells:

 Spells                   Type           Power      Damage    Failure   Level
 Animate Skeleton         Necr           0%         N/A       88%         1
 Apportation              Tloc           0%         N/A       88%         1
 Beastly Appendage        Tmut           0%         N/A       88%         1
 Foxfire                  Conj/Fire      0%         2x1d4     88%         1
 Freeze                   Ice            0%         1d3       88%         1
 Magic Dart               Conj           0%         1d3       88%         1
 Pain                     Necr           0%         1d4       88%         1
 Sandblast                Erth           0%         2d4       88%         1
 Slow                     Hex            0%         N/A       88%         1
 Sting                    Tmut/Pois      0%         1d3       88%         1
 Blink                    Tloc           0%         N/A       95%         2
 Call Imp                 Summ           0%         N/A       95%         2
 Corpse Rot               Necr/Air       0%         N/A       95%         2
 Passwall                 Tmut/Erth      0%         N/A       95%         2
 Poisonous Vapours        Pois/Air       0%         N/A       95%         2
 Scorch                   Fire           0%         2d5       95%         2
 Searing Ray              Conj           0%         2d4       95%         2
 Static Discharge         Conj/Air       0%         N/A       95%         2
 Wereblood                Tmut           0%         N/A       95%         2
 Confusing Touch          Hex            0%         N/A       99%         3
 Dazzling Flash           Conj/Hex       0%         N/A       99%         3
 Frozen Ramparts          Ice            0%         1d2       99%         3
 Gell's Gravitas          Tloc           0%         N/A       99%         3
 Ignite Poison            Fire/Tmut/Pois 0%         N/A       99%         3
 Inner Flame              Hex/Fire       0%         N/A       99%         3
 Lesser Beckoning         Tloc           0%         N/A       99%         3
 Mephitic Cloud           Conj/Pois/Air  0%         N/A       99%         3
 Ozocubu's Armour         Ice            0%         N/A       99%         3
 Spider Form              Tmut/Pois      0%         N/A       99%         3
 Stone Arrow              Conj/Erth      0%         3d7       99%         3
 Teleport Other           Tloc           0%         N/A       99%         3
 Tukima's Dance           Hex            0%         N/A       99%         3
 Vampiric Draining        Necr           0%         2d6       99%         3
 Animate Armour           Summ/Erth      0%         N/A       100%        4
 Animate Dead             Necr           0%         N/A       100%        4
 Cause Fear               Hex            0%         N/A       100%        4
 Dispel Undead            Necr           0%         3d6       100%        4
 Flame Wave               Conj/Fire      0%         2d4       100%        4
 Fulminant Prism          Conj/Hex       0%         3d6       100%        4
 Ice Form                 Ice/Tmut       0%         N/A       100%        4
 Leda's Liquefaction      Hex/Erth       0%         N/A       100%        4
 Olgreb's Toxic Radiance  Pois           0%         N/A       100%        4
 Passage of Golubria      Tloc           0%         N/A       100%        4
 Petrify                  Tmut/Erth      0%         N/A       100%        4
 Sticky Flame             Conj/Fire      0%         2d3       100%        4
 Summon Ice Beast         Ice/Summ       0%         N/A       100%        4
 Agony                    Necr           0%         N/A       100%        5
 Alistair's Intoxication  Tmut/Pois      0%         N/A       100%        5
 Blade Hands              Tmut           0%         N/A       100%        5
 Fireball                 Conj/Fire      0%         3d3       100%        5
 Freezing Cloud           Conj/Ice/Air   0%         6-21      100%        5
 Irradiate                Conj/Tmut      0%         3d14      100%        5
 Iskenderun's Battlesphe  Conj           0%         2d6       100%        5
 Lee's Rapid Deconstruct  Erth           0%         3d5*      100%        5
 Lightning Bolt           Conj/Air       0%         1d11      100%        5
 Manifold Assault         Tloc           0%         N/A       100%        5
 Metabolic Englaciation   Hex/Ice        0%         N/A       100%        5
 Silence                  Hex/Air        0%         N/A       100%        5
 Summon Forest            Summ/Tloc      0%         N/A       100%        5
 Summon Mana Viper        Hex/Summ       0%         N/A       100%        5
 Yara's Violent Unravell  Hex/Tmut       0%         3d3       100%        5
 Conjure Ball Lightning   Conj/Air       0%         3x3d6     100%        6
 Dispersal                Tloc           0%         N/A       100%        6
 Eringya's Noxious Bog    Tmut/Pois      0%         N/A       100%        6
 Iron Shot                Conj/Erth      0%         9d1       100%        6
 Starburst                Conj/Fire      0%         6d3       100%        6
 Statue Form              Tmut/Erth      0%         N/A       100%        6
 Summon Cactus Giant      Summ           0%         N/A       100%        6
 Dragon Form              Tmut           0%         N/A       100%        7
 Enfeeble                 Hex            0%         N/A       100%        7
 Haunt                    Necr/Summ      0%         N/A       100%        7
 Monstrous Menagerie      Summ           0%         N/A       100%        7
 Orb of Destruction       Conj           0%         9d5       100%        7
 Ozocubu's Refrigeration  Ice            0%         4d5       100%        7
 Storm Form               Tmut/Air       0%         N/A       100%        7
 Summon Hydra             Summ           0%         N/A       100%        7
 Ignition                 Fire           0%         3d3       100%        8
 Infestation              Necr           0%         N/A       100%        8
 Lehudib's Crystal Spear  Conj/Erth      0%         10d2      100%        8
 Necromutation            Tmut/Necr      0%         N/A       100%        8
 Dragon's Call            Summ           0%         N/A       100%        9
 Fire Storm               Conj/Fire      0%         5d1       100%        9
 Polar Vortex             Ice            0%         N/A       100%        9


Dungeon Overview and Level Annotations

Branches:
Dungeon (15/15)            Temple (1/1) D:4            Lair (6/6) D:9
  Swamp (4/4) Lair:3       Spider (4/4) Lair:2        Slime (5/5) Lair:5
    Orc (2/2) D:9             Elf (3/3) Orc:2        Vaults (5/5) D:14
  Crypt (3/3) Vaults:2       Tomb (0/3) Crypt:3      Depths (4/4) D:15
   Hell (1/1)                 Zot (1/5) Depths:4    Ossuary (visited)
Desolation (visited)
    Dis: Hell:1         Geh: Hell:1         Coc: Hell:1         Tar: Hell:1

Altars:
Cheibriados
Dithmenos
Fedhas
Kikubaaqudgha
Nemelex Xobeh
Qazlal
Xom
Yredelemnul
Zin
Beogh
Jiyva
Lugonu

Shops:
D:8 *[   D:11 ?(=?*   D:12 *   Orc:2 [!(?(   Elf:1 *=:=   Elf:2 (   Elf:3 (*!(
Vaults:1 (   Depths:1 =   Depths:4 *

Portals:
Hell: Depths:1 Depths:2 Depths:3 Depths:4
Abyss: Lair:6 Depths:3
Pandemonium: Depths:2 Depths:3
Ziggurat: Depths:4

Annotations:
Slime:5 Royal Jelly
Hell Geryon, Murray


Innate Abilities, Weirdness & Mutations

You are completely covered in rugged brown scales. (AC +3, +7% HP)
A meltable icy envelope protects you from harm. (AC +0)
Your magical and physical power is greatly enhanced at high health.
A meltable shield of frost defends you. (SH +0)
Spells you cast may paralyse nearby enemies.
You have a sharp stinger which inflicts weakening toxins.
Armour fits poorly on your strangely shaped body.
Your magical capacity is low. (-10% MP)
[You are clumsy. (Dex -2)]
[Your body often deteriorates upon taking damage.]
[You are frail. (-10% HP)]


Message History

You feel yourself speed up.
The hell knight is engulfed in freezing vapours.
The hell beast is engulfed in freezing vapours.
You block the hell beast's attack.
The hell beast tramples you but does no damage.
The hell knight is engulfed in freezing vapours.
The hell knight hits you with a +0 war axe.
* * * LOW HITPOINT WARNING * * *
You feel your power leaking away.
The anaconda zombie is engulfed in freezing vapours.
The hell knight is engulfed in freezing vapours. x2
The freezing wraith hits you!
* * * LOW HITPOINT WARNING * * *
The freezing wraith freezes you! You resist.
* * * LOW HITPOINT WARNING * * *
You feel as though you will be weak longer.
You block the freezing wraith's attack.
The hell beast is engulfed in freezing vapours.
A hell knight comes into view.
It is wielding a +3 great sword of flaming.
The hell knight is engulfed in freezing vapours.
The hell beast is engulfed in freezing vapours.
The hell beast closely misses you. The hell beast tramples you.
* * * LOW HITPOINT WARNING * * *
You hold your ground!
The hell knight is engulfed in freezing vapours.
You block the sun demon's attack.
The hell knight is engulfed in freezing vapours.
Geryon winds a great silver horn.
The reaper is engulfed in freezing vapours.
The reaper hits you from afar with a +0 vorpal scythe!
* * * LOW HITPOINT WARNING * * *
x2 The soul eater is engulfed in freezing vapours.
The hell knight hits you with a +0 war axe.
* * * LOW HITPOINT WARNING * * *
You feel your power leaking away.
The hell knight is engulfed in freezing vapours.
The freezing wraith hits you!
* * * LOW HITPOINT WARNING * * *
The freezing wraith freezes you! You resist.
You die...

......§§§§§pp...
.......§§§§§§§..
..§§§..§§§§§§...
..§§§§.§§§§§zh.
.§§§§§Z#2§§..#
.§§§§p2#p3p..#..
.§§.§ppW3pp§....
#p2@§§≈.∩.#
...p§☼23§§≈§....
....§§§§§≈§≈≈≈..
.≈.....§§§≈≈≈≈§.
.......§≈&≈≈≈≈..
≈......§§§≈§§...
....##.§§§≈.§§h#
.... .......§§§.


You could see Geryon, 3 hell beasts, a reaper, 10 hell knights, 2 soul eaters, a
sun demon (black mark), a freezing wraith (black mark), a necromancer (black
mark) and an anaconda zombie (black mark).

Vanquished Creatures
  A dread lich (Vaults:5)
  2 ancient liches
  3 juggernauts
  A shard shrike (Depths:4)
  Saint Roka (Orc:2)
  5 caustic shrikes (Depths:3)
  A golden dragon (Vaults:5)
  5 profane servitors
  4 bone dragons
  3 tentacled monstrosities
  A hellephant (Abyss:4)
  A shard shrike skeleton (Crypt:3)
  11 liches
  2 deep elf master archers (Elf:3)
  Asterion (Spider:3)
  A deep elf blademaster (Elf:3)
  5 quicksilver dragons
  2 walking divine tomes (Depths:3)
  5 titans
  20 acid blobs
  2 ancient champions
  3 Executioners
  2 storm dragons
  17 tentacled starspawn
  10 sphinxes
  5 tengu reavers
  The ghost of Gipuciap the Spear-Bearer, an adept MfIE of Vehumet (Elf:1)
  Roxanne (D:14)
  5 shadow dragons
  11 azure jellies
  8 rockslimes
  11 frost giants
  3 draconian monks (Zot:1)
  A daeva (Abyss:1)
  6 revenants
  4 iron dragons
  7 emperor scorpions
  2 draconian knights
  13 vault wardens
  8 fire giants
  An angel (Depths:4)
  6 ghost moths
  6 deep elf sorcerers
  An orc warlord (Vaults:4)
  8 deep elf elementalists (Elf:3)
  Aizul (Swamp:3)
  Louise (D:15)
  3 curse skulls (Crypt:3)
  A draconian annihilator (Depths:4)
  4 draconian stormcallers (Depths:4)
  2 draconian shifters (Zot:1)
  18 ghouls
  2 broodmothers
  20 ironbound preservers
  The ghost of trm the Devastator, a journeyman OpCj of Gozag (Orc:1)
  12 ironbound thunderhulks
  A war gargoyle (Vaults:4)
  An ophan (Abyss:3)
  13 stone giants
  5 quicksilver oozes
  2 deep elf demonologists (Elf:3)
  2 green draconians (Depths:4)
  4 eleionomae
  2 black draconians
  17 very ugly things
  5 vampire knights
  9 deep elf annihilators
  A yellow draconian (Abyss:1)
  A white draconian (Depths:4)
  6 dire elephants (Vaults:1)
  A purple draconian (Depths:4)
  5 bunyips
  5 entropy weavers
  2 red draconians
  6 spark wasps
  9 eidola
  4 halazid warlocks (Desolation)
  15 ettins
  3 green deaths
  14 jiangshi
  7 deep elf death magi
  8 fire dragons
  A quicksilver dragon zombie (Crypt:1)
  A great orb of eyes (shapeshifter) (Vaults:4)
  4 crystal guardians
  11 yaktaur captains
  12 great orbs of eyes
  8 deep elf high priests
  7 ragged hierophants (Desolation)
  A rakshasa (Abyss:3)
  Harold (D:10)
  17 peacekeepers
  12 boulder beetles
  12 ice dragons
  3 ghost crabs
  7 servants of whispers (Desolation)
  3 catoblepae
  24 vault guards
  14 centaur warriors
  2 spriggan air magi
  21 hydras
  12 ironbound frosthearts
  A spriggan skeleton (Depths:2)
  A two-headed ogre (shapeshifter) (Depths:3)
  13 two-headed ogres
  Erica (D:8)
  3 death knights
  An ogre mage (Vaults:5)
  A tengu warrior (Depths:2)
  36 dancing weapons
  5 alligators
  5 deep troll shamans
  The ghost of Sibufos the Martial Artist, a novice DsGl of Nemelex Xobeh (Lair:1)
  5 death yaks
  12 hell hogs (Depths:1)
  Urug (D:14)
  7 deep troll earth magi
  8 vampire magi
  A satyr (shapeshifter) (Elf:1)
  5 orc high priests
  24 thrashing horrors
  3 spriggan berserkers
  A titan zombie (Crypt:1)
  A soul eater (Crypt:3)
  A storm dragon zombie (Depths:2)
  17 deep elf knights
  Amaemon (Lair:3)
  A titan skeleton (Abyss:3)
  3 sun demons
  Nergalle (Lair:4)
  12 hell knights
  14 skeletal warriors
  12 wretched stars
  3 fire crabs (Swamp:4)
  8 iron trolls
  6 sixfirhies
  54 deep trolls
  14 orb spiders
  A death drake (Swamp:4)
  A salamander mystic (Depths:1)
  9 goliath frogs
  A goliath frog (shapeshifter) (Vaults:1)
  20 shadow wraiths
  6 pharaoh ants
  6 steelbarb worms
  5 spatial maelstroms
  A deep troll (shapeshifter) (Vaults:5)
  2 sun moths
  A spark wasp zombie (Depths:2)
  2 flayed ghosts
  A shadow demon (Abyss:4)
  A death drake (shapeshifter) (Vaults:4)
  15 wizards
  A swamp dragon (shapeshifter) (D:13)
  3 glowing orange brains
  4 spriggan druids
  A wolf spider zombie (Crypt:3)
  26 phantasmal warriors
  20 ironbound convokers
  10 swamp dragons
  Lodul (D:14)
  11 orc knights
  16 lindwurms
  13 deep elf archers
  2 mana vipers
  23 deep elf pyromancers
  4 bog bodies
  27 deep elf zephyrmancers
  22 wolf spiders
  9 necromancers
  49 ugly things
  2 mana vipers (shapeshifter)
  5 orc sorcerers (Orc:2)
  2 salamanders (Depths:1)
  A stone giant zombie (Depths:1)
  6 cyclopes
  2 shining eyes
  4 will-o-the-wisps
  4 manticores
  4 worldbinders
  5 moths of wrath
  3 elephants (Lair:5)
  4 black mambas
  A titan simulacrum (Abyss:3)
  A fire giant skeleton (Depths:2)
  5 guardian serpents
  A rust devil (Abyss:4)
  A black mamba (shapeshifter) (Abyss:3)
  20 vault sentinels
  A gargoyle (D:12)
  22 smoke demons
  2 eyes of devastation
  A centaur zombie (D:9)
  A hellion (Abyss:2)
  A pale draconian zombie (Crypt:2)
  2 apocalypse crabs (Abyss:3)
  4 orange demons
  A molten gargoyle (Desolation)
  A red draconian zombie (Crypt:1)
  A yellow draconian zombie (Crypt:3)
  11 cane toads
  4 centaur skeletons (D:9)
  6 torpor snails
  A catoblepas zombie (Crypt:3)
  A black draconian zombie (Crypt:2)
  An unseen horror (Abyss:4)
  9 demonic crawlers
  A rime drake (Lair:2)
  2 efreet (Abyss:4)
  10 freezing wraiths
  12 komodo dragons
  37 yaktaurs
  3 kobold demonologists
  2 tormentors
  4 tengu conjurers
  7 hellwings
  A spectral harpy (Crypt:3)
  18 ancient zymes
  A red devil (Depths:3)
  A guardian mummy (Crypt:3)
  20 meliai
  10 tyrant leeches
  11 trolls
  A polar bear (Lair:5)
  30 hornets
  67 saltlings
  36 raiju
  A harpy skeleton (D:9)
  53 large abominations
  63 slime creatures
  18 tarantellas
  20 blink frogs
  3 spriggan zombies
  10 dream sheep
  A dream sheep (shapeshifter) (D:13)
  25 jumping spiders
  9 ynoxinuls
  6 air elementals
  20 culicivoras
  A jumping spider (shapeshifter) (Lair:6)
  3 vampires
  6 water elementals
  A spriggan (shapeshifter) (Vaults:5)
  16 shadows
  10 wraiths
  47 yaks
  12 flying skulls
  11 spriggans
  An alligator zombie (Crypt:2)
  6 basilisks
  2 fire bats
  3 steam dragons
  A wyvern (shapeshifter) (D:14)
  16 humans
  2 fire elementals
  17 golden eyes
  3 wyverns
  An ettin skeleton (Depths:1)
  5 neqoxecs
  Grum (D:10)
  42 redbacks
  23 vampire mosquitoes
  8 chaos spawn
  Menkaure (D:5)
  2 acid dragons
  A faun zombie (Crypt:3)
  A water moccasin (shapeshifter) (Depths:1)
  Edmund (D:5)
  20 swamp worms
  7 spatial vortices
  3 floating eyes
  4 hell hounds
  9 water moccasins
  13 swamp drakes
  A deep troll skeleton (Crypt:1)
  A merfolk skeleton (Crypt:2)
  4 black bears
  2 sky beasts
  A hornet zombie (D:9)
  An ice beast (D:8)
  6 ogres
  22 orc warriors
  A black bear (shapeshifter) (Vaults:2)
  A lindwurm zombie (Crypt:3)
  8 boggarts
  15 wolves
  A wolf (shapeshifter) (Lair:6)
  A boggart (shapeshifter) (Lair:6)
  A snapping turtle zombie (Crypt:3)
  19 centaurs
  A phantom (D:4)
  An elf zombie (Ossuary)
  5 kobold brigands
  7 necrophages
  14 bullfrogs
  4 scorpions (D:5)
  9 earth elementals
  35 small abominations
  7 wights
  10 killer bees
  7 electric eels
  A troll skeleton (Crypt:2)
  5 howler monkeys
  2 crimson imps (Abyss:3)
  A wolf skeleton (Crypt:3)
  68 starcursed masses
  2 quasits
  A hound (D:5)
  2 jellies (D:7)
  A human zombie (Ossuary)
  18 orc priests
  A gnoll shaman (D:6)
  3 iron imps
  An iguana (D:4)
  15 orc wizards
  3 hell rats (D:8)
  16 mummies
  5 gnolls (D:6)
  9 adders
  3 river rats
  5 shadow imps (D:9)
  4 white imps
  2 ufetubi
  3 adder zombies (Ossuary)
  An iguana zombie (Crypt:1)
  2 worms (D:2)
  A dart slug (D:1)
  52 orcs
  A bat zombie (Crypt:2)
  6 endoplasms
  2 giant cockroaches
  2 gnoll zombies (Ossuary)
  7 goblins
  5 hobgoblins
  3 quokkas
  9 ball pythons
  8 bats
  3 frilled lizards
  A gnoll skeleton (Crypt:1)
  3 goblin zombies (Ossuary)
  A hobgoblin skeleton (Crypt:3)
  3 hobgoblin zombies (Ossuary)
  A jackal skeleton (Crypt:2)
  20 kobolds
  A kobold zombie (Ossuary)
  An orc zombie (Crypt:1)
  A quokka skeleton (Crypt:1)
  2 quokka zombies (Ossuary)
  8 rats
  2 rat zombies (Ossuary)
  A river rat skeleton (Crypt:2)
  A lurking horror (Abyss:3)
  18 starspawn tentacles
2666 creatures vanquished.

Vanquished Creatures (collateral kills)
  Donald (Swamp:3)
  A deep elf archer (Elf:1)
2 creatures vanquished.

Vanquished Creatures (others)
  An acid blob (Abyss:4)
  2 tentacled starspawn
  A deep elf sorcerer (Abyss:1)
  An ironbound preserver (Vaults:5)
  An eleionoma (Swamp:3)
  A minotaur (shapeshifter) (Abyss:1)
  A ragged hierophant (Desolation)
  2 great orbs of eyes
  3 vault guards (Vaults:5)
  3 great orbs of eyes (shapeshifter) (Abyss:4)
  A merfolk aquamancer (Abyss:4)
  A radroach (Spider:4)
  2 deep elf knights
  A glowing orange brain (shapeshifter) (Abyss:4)
  6 glowing orange brains
  2 deep elf pyromancers
  A naga ritualist (Abyss:4)
  A deep elf zephyrmancer (Elf:1)
  An orc sorcerer (Abyss:4)
  3 shining eyes (Abyss:3)
  A manticore (Abyss:4)
  A faun (Abyss:4)
  3 large abominations
  A torpor snail (Spider:4)
  A yaktaur (Vaults:5)
  2 bloated husks (Swamp:3)
  A tarantella (Spider:4)
  A saltling (Desolation)
  2 raiju (Abyss:4)
  9 slime creatures
  A flying skull (Abyss:3)
  A centaur simulacrum (D:11)
  5 golden eyes
  A golden eye (shapeshifter) (D:11)
  A chaos spawn (Abyss:4)
  A steam dragon (Swamp:4)
  A water moccasin (Lair:4)
  2 swamp drakes
  An ice beast (Abyss:4)
  2 orc warriors (Abyss:4)
  3 small abominations (Abyss:3)
  A kobold brigand (D:6)
  26 jellies
  A quasit (Abyss:3)
  An orc wizard (D:9)
  3 ufetubi
  5 kobolds (D:6)
  26 foxfires
  44 fungi
  4 lurking horrors
  47 plants
  25 starspawn tentacles
  7 withered plants
266 creatures vanquished.

Grand Total: 2934 creatures vanquished

Notes
Turn   | Place    | Note
-------+----------+-------------------------------------------
     0 | D:1      | Inarius the Demonspawn Fighter began the quest for the Orb.
     0 | D:1      | Reached XP level 1. HP: 18/18 MP: 1/1
    14 | D:1      | Found a faded altar of an unknown god.
   307 | D:1      | Gained mutation: A meltable shield of frost defends you.
                  | (SH +0) [demonic ancestry]
   307 | D:1      | Reached XP level 2. HP: 18/24 MP: 2/2
  1069 | D:2      | Noticed a howler monkey
  1300 | D:2      | Gained mutation: You are partially covered in rugged brown
                  | scales. (AC +1, +3% HP) [demonic ancestry]
  1300 | D:2      | Reached XP level 3. HP: 24/29 MP: 3/3
  1575 | D:2      | Gained mutation: Spells you cast may paralyse adjacent
                  | enemies. [demonic ancestry]
  1575 | D:2      | Reached XP level 4. HP: 36/36 MP: 4/4
  1627 | D:2      | Identified the +6 scale mail "Zufiem" {Will+}
  2243 | D:3      | Identified the +12 hand axe "Qirizeigau" {vamp, Drain rPois
                  | Int+9 Stlth+}
  2540 | D:3      | Gained mutation: You have a small tail. [demonic ancestry]
  2540 | D:3      | Reached XP level 5. HP: 42/42 MP: 5/5
  2929 | D:4      | Noticed a phantom
  2933 | D:4      | Killed a phantom
  2948 | D:4      | Found a staircase to the Ecumenical Temple.
  2955 | Temple   | Entered the Ecumenical Temple
  2978 | Temple   | Became a worshipper of Qazlal Stormbringer
  3008 | D:4      | Got the Handbook of Unstable Ignition
  3358 | D:5      | Entered Level 5 of the Dungeon
  3365 | D:5      | Reached skill level 1 in Invocations
  3365 | D:5      | Reached XP level 6. HP: 49/49 MP: 6/6
  3424 | D:5      | Reached skill level 5 in Axes
  3533 | D:5      | Reached XP level 7. HP: 54/54 MP: 8/8
  3561 | D:5      | Reached skill level 2 in Invocations
  3621 | D:5      | Noticed Menkaure
  4074 | D:5      | Killed Menkaure
  4193 | D:5      | Noticed Edmund
  4198 | D:5      | Killed Edmund
  4201 | D:5      | Reached skill level 3 in Invocations
  4345 | D:5      | Reached XP level 8. HP: 61/61 MP: 10/10
  4967 | D:6      | Noticed a troll
  5010 | D:5      | Reached * piety under Qazlal
  5356 | D:6      | Reached skill level 4 in Invocations
  5513 | D:6      | Killed a troll
  5913 | D:7      | Found a sand-covered staircase.
  5927 | Ossuary  | Entered an ossuary
  6000 | Ossuary  | Gained mutation: You are mostly covered in rugged brown
                  | scales. (AC +2, +5% HP) [demonic ancestry]
  6000 | Ossuary  | Reached XP level 9. HP: 54/70 MP: 12/12
  6094 | Ossuary  | Reached ** piety under Qazlal
  6526 | D:7      | Found a snail-covered altar of Cheibriados.
  6786 | D:7      | Reached skill level 5 in Invocations
  7007 | D:8      | Reached skill level 5 in Fighting
  7031 | D:8      | Noticed Erica
  7195 | D:8      | Killed Erica
  7196 | D:8      | Reached skill level 5 in Armour
  7510 | D:8      | Reached skill level 6 in Invocations
  7525 | D:8      | Reached skill level 10 in Axes
  7737 | D:8      | Reached XP level 10. HP: 29/77 MP: 14/14
  8147 | D:8      | Found Vailoesodosy's General Store.
  8163 | D:8      | Found Vuvohieg's Armour Shop.
  8246 | D:8      | Bought a potion of haste for 110 gold pieces
  8684 | D:9      | Reached skill level 5 in Shields
  8809 | D:9      | Noticed a death yak
  8812 | D:9      | Noticed a death yak
  8812 | D:9      | Noticed a death yak
  8813 | D:9      | Found a staircase to the Lair.
  9007 | D:8      | Killed a death yak
  9014 | D:8      | Killed a death yak
  9015 | D:8      | Reached skill level 7 in Invocations
  9182 | D:8      | Killed a death yak
  9326 | D:9      | Reached *** piety under Qazlal
  9397 | D:9      | Noticed a vault sentinel
  9411 | D:9      | Noticed a vault sentinel
  9597 | D:9      | Found a staircase to the Orcish Mines.
  9649 | D:9      | Gained mutation: You have a tail ending in a sharp stinger.
                  | [demonic ancestry]
  9649 | D:9      | Reached XP level 11. HP: 86/86 MP: 16/16
  9936 | D:9      | Reached skill level 8 in Invocations
 10445 | D:9      | Found the +18 shield of the Gong {rElec rN+ Will+ EV-5}
 10752 | D:10     | Entered Level 10 of the Dungeon
 11347 | D:10     | Noticed Harold
 11361 | D:10     | Killed Harold
 11415 | D:10     | Noticed Grum
 11421 | D:10     | Killed Grum
 11804 | D:11     | Found Lygguibb's Antique Weapon Boutique.
 11805 | D:11     | Noticed a two-headed ogre
 11814 | D:11     | Killed a two-headed ogre
 11836 | D:11     | Reached skill level 9 in Invocations
 11862 | D:11     | Reached **** piety under Qazlal
 11876 | D:11     | Bought an ivory hand axe for 232 gold pieces
 11876 | D:11     | Identified the +8 hand axe of Virtue {protect, *Slow rPois
                  | rN+++ Int+3} (You bought it in a shop on level 11 of the
                  | Dungeon)
 11879 | D:11     | You fall into a shaft and drop 3 floors!
 11879 | D:14     | Identified Roxanne's Compendium of the Rocks
 11879 | D:14     | Noticed Roxanne
 11882 | D:14     | Noticed a death knight
 11885 | D:14     | Noticed a purple ugly thing
 11887 | D:14     | Noticed a purple ugly thing
 11928 | D:14     | Noticed Lodul
 11931 | D:14     | Noticed a two-headed ogre
 11935 | D:14     | Noticed a two-headed ogre
 11937 | D:14     | Found a gate to the Vaults.
 11937 | D:14     | Noticed a centaur warrior
 11953 | D:13     | Killed a centaur warrior
 11954 | D:13     | Gained mutation: A meltable icy envelope protects you from
                  | harm. (AC +0) [demonic ancestry]
 11954 | D:13     | Reached XP level 12. HP: 95/95 MP: 18/18
 12101 | D:12     | Noticed a two-headed ogre
 12102 | D:12     | Noticed a two-headed ogre
 12113 | D:13     | Killed a two-headed ogre
 12121 | D:12     | Killed a two-headed ogre
 12364 | D:11     | Found Enianyrgh's Magic Scroll Shoppe.
 12397 | D:11     | Bought a scroll of teleportation for 33 gold pieces
 12397 | D:11     | Bought a scroll of enchant weapon for 82 gold pieces
 12397 | D:11     | Bought a scroll of teleportation for 33 gold pieces
 12397 | D:11     | Bought a scroll of teleportation for 33 gold pieces
 12397 | D:11     | Bought a scroll of identify for 22 gold pieces
 12397 | D:11     | Bought a scroll of magic mapping for 38 gold pieces
 12421 | D:11     | Found Tikkiun's Jewellery Boutique.
 12480 | D:11     | Noticed a centaur warrior
 12481 | D:11     | Noticed a boulder beetle
 12643 | D:11     | Found Oshodghau's Magic Scroll Boutique.
 12650 | D:11     | Bought a scroll of identify for 22 gold pieces
 12717 | D:11     | Noticed a five-headed hydra
 12785 | D:11     | Killed a nine-headed hydra
 13139 | D:11     | Found Xukaosym's General Store.
 13223 | Lair:1   | Entered Level 1 of the Lair of Beasts
 13276 | Lair:1   | Reached skill level 1 in Evocations
 13282 | Lair:1   | Noticed a six-headed hydra
 13317 | Lair:1   | Killed a six-headed hydra
 13318 | Lair:1   | Reached skill level 10 in Invocations
 13740 | Lair:1   | Found a runed translucent door.
 13740 | Lair:1   | Found a shimmering altar of Xom.
 13741 | Lair:1   | Noticed Sibufos's ghost (novice DsGl)
 14016 | Lair:2   | Noticed a five-headed hydra
 14030 | Lair:2   | Killed a five-headed hydra
 14035 | Lair:2   | Reached XP level 13. HP: 44/102 MP: 11/21
 14095 | Lair:2   | Identified the +3 leather armour of Minor Irritation {*Slow
                  | Fly Int+4}
 14365 | Lair:2   | Found a hole to the Spider Nest.
 14958 | Lair:3   | Reached skill level 11 in Invocations
 14958 | Lair:3   | Noticed Amaemon
 14984 | Lair:3   | Killed Amaemon
 14996 | Lair:3   | Noticed Sonja
 15000 | Lair:3   | Noticed Sonja
 15000 | Lair:3   | Sonja changed into Sonja the naga
 15003 | Lair:3   | Noticed Sonja
 15003 | Lair:3   | Sonja the naga changed into Sonja the fire bat
 15015 | Lair:3   | Killed Sonja the fire bat
 15303 | Lair:3   | Found a staircase to the Swamp.
 15791 | Lair:4   | Noticed Nergalle
 15803 | Lair:4   | Killed Nergalle
 16435 | Lair:5   | You fall into a shaft and drop 1 floor!
 16435 | Lair:6   | Entered Level 6 of the Lair of Beasts
 16448 | Lair:6   | Reached skill level 10 in Shields
 16464 | Lair:6   | Identified a scroll of acquirement
 16465 | Lair:6   | Acquired 920 gold pieces
 16543 | Lair:6   | Reached skill level 12 in Invocations
 16719 | Lair:5   | Reached ***** piety under Qazlal
 16730 | Lair:5   | Gained mutation: Spells you cast may paralyse nearby
                  | enemies. [demonic ancestry]
 16730 | Lair:5   | Reached XP level 14. HP: 111/111 MP: 23/23
 16931 | Lair:5   | Found a blossoming altar of Fedhas.
 17106 | Lair:5   | Found a staircase to the Slime Pits.
 17931 | Lair:6   | Identified the +2 pair of gloves "Boymoov" {+Inv rN+++
                  | Int+6}
 18240 | Lair:6   | Reached skill level 13 in Invocations
 18272 | Lair:6   | Found a corrupted altar of Lugonu.
 18272 | Lair:6   | Found a one-way gate to the infinite horrors of the Abyss.
 18519 | Lair:6   | Identified the +1 plate armour of Fortification {Rampage
                  | rElec Regen+}
 18605 | Lair:6   | Identified the +1 chain mail of Inquiry {Regen+ Int+3}
 18762 | Orc:1    | Entered Level 1 of the Orcish Mines
 18890 | Orc:1    | Found a runed translucent gate.
 18890 | Orc:1    | Found a runed translucent gate.
 18894 | Orc:1    | Identified the ring of Ridwal {rN+ SInv Stlth+}
 18894 | Orc:1    | Identified the +0 robe "Ummirele" {rPois Will+}
 18975 | Orc:1    | Found a runed translucent gate.
 18975 | Orc:1    | Noticed trm's ghost (journeyman OpCj)
 18976 | Orc:1    | Identified the +3 chain mail of the Hidden Runes {Dex+2}
 19022 | Orc:1    | Reached skill level 15 in Axes
 19022 | Orc:1    | Killed trm's ghost
 19106 | Orc:1    | Identified the +1 helmet "Raberes" {Regen+}
 19143 | Orc:2    | Entered Level 2 of the Orcish Mines
 19147 | Orc:2    | Noticed Saint Roka
 19187 | Orc:2    | Reached skill level 5 in Evocations
 19201 | Orc:2    | Reached ****** piety under Qazlal
 19204 | Orc:2    | Killed Saint Roka
 19218 | Orc:2    | Found Tassuwu's Armour Shoppe.
 19556 | Orc:2    | Found a staircase to the Elven Halls.
 19701 | Orc:2    | Found Weariucw's Antique Weapon Shop.
 19701 | Orc:2    | Found Ybujocaz's Distillery.
 19710 | Orc:2    | Found Hialimab's Magic Scroll Emporium.
 19711 | Orc:2    | Found Ynkuij's Antique Weapon Emporium.
 19718 | Orc:2    | Bought a scroll of identify for 30 gold pieces
 19718 | Orc:2    | Bought a scroll of identify for 30 gold pieces
 19718 | Orc:2    | Bought a scroll of identify for 30 gold pieces
 19718 | Orc:2    | Bought a scroll of identify for 30 gold pieces
 19737 | Orc:2    | Bought a glowing broad axe for 147 gold pieces
 19741 | Orc:2    | Bought a potion of heal wounds for 75 gold pieces
 20021 | D:12     | Found Zin's Purification Station.
 20364 | D:12     | Gained mutation: You are completely covered in rugged brown
                  | scales. (AC +3, +7% HP) [demonic ancestry]
 20364 | D:12     | Reached XP level 15. HP: 113/121 MP: 25/25
 20399 | D:12     | Identified the +6 dagger of Grand Expedience {protect,
                  | Dex+7}
 21293 | D:13     | Identified the +1 rapier of Fiheill {speed, rPois rF+}
 21392 | D:14     | Killed Lodul
 21399 | D:14     | Identified the +1 mace of Desperation {holy, Fly rElec}
 21441 | D:14     | Reached skill level 14 in Invocations
 21443 | D:14     | Noticed Urug
 21456 | D:14     | Killed Urug
 21565 | D:14     | Identified the +6 rapier of the Muttering Jester {vorpal,
                  | rCorr SInv}
 21565 | D:14     | Noticed a tengu reaver
 21566 | D:14     | Found a runed translucent door.
 21566 | D:14     | Identified the ring "Lablic" {Will+ Dex+2}
 21568 | D:14     | Noticed a storm dragon
 21851 | D:14     | Killed Roxanne
 21924 | D:14     | Reached skill level 10 in Fighting
 22236 | D:15     | Entered Level 15 of the Dungeon
 22870 | D:15     | Noticed Louise
 22901 | D:15     | Killed Louise
 23039 | D:15     | Found a staircase to the Depths.
 23094 | D:15     | Found a sparkling altar of Nemelex Xobeh.
 23293 | Spider:1 | Entered Level 1 of the Spider Nest
 23728 | Spider:1 | Gained mutation: You have a sharp stinger which inflicts
                  | weakening toxins. [demonic ancestry]
 23728 | Spider:1 | Reached XP level 16. HP: 131/131 MP: 27/27
 24394 | Spider:2 | Reached skill level 15 in Invocations
 25024 | Spider:2 | You fall into a shaft and drop 1 floor!
 25738 | Spider:3 | Reached skill level 15 in Shields
 25878 | Spider:3 | Noticed Asterion
 25891 | Spider:3 | Killed Asterion
 26927 | Swamp:1  | Entered Level 1 of the Swamp
 26995 | Swamp:1  | Reached skill level 16 in Invocations
 27122 | Swamp:1  | Reached XP level 17. HP: 140/140 MP: 24/29
 28296 | Swamp:3  | Noticed Donald
 28306 | Swamp:3  | Killed Donald
 29098 | Swamp:3  | Upgraded the game from 0.29-a0-231-g945431f764 to
                  | 0.29-a0-233-g1125b37a9b
 29116 | Swamp:4  | Entered Level 4 of the Swamp
 29450 | Swamp:4  | Noticed Aizul
 29645 | Swamp:3  | Killed Aizul
 29725 | Swamp:4  | Reached skill level 10 in Armour
 29739 | Swamp:4  | Reached skill level 17 in Invocations
 29867 | Swamp:4  | Got a decaying rune of Zot
 30378 | Vaults:1 | Entered Level 1 of the Vaults
 30653 | Vaults:1 | Gained mutation: A meltable icy envelope protects you from
                  | harm. (AC +0) [demonic ancestry]
 30653 | Vaults:1 | Reached XP level 18. HP: 129/149 MP: 13/30
 31493 | Vaults:1 | Found Pesyjoc's Weapon Emporium.
 31636 | Vaults:1 | Reached skill level 18 in Invocations
 32145 | Vaults:1 | Found the +9 heavy crossbow "Sniper" {vorpal, Acc+∞ SInv}
 32558 | Vaults:2 | Noticed a lich
 32571 | Vaults:2 | HP: 2/151 [disintegration (35)]
 32769 | D:11     | Bought a potion of heal wounds for 80 gold pieces
 32769 | D:11     | Bought a scroll of fear for 56 gold pieces
 32769 | D:11     | Bought a scroll of magic mapping for 56 gold pieces
 33037 | Vaults:2 | Found a staircase to the Crypt.
 33072 | Vaults:2 | Reached XP level 19. HP: 158/158 MP: 30/32
 34673 | Vaults:3 | Reached skill level 19 in Invocations
 35565 | Vaults:4 | Found a flickering gateway to a bazaar.
 35571 | Bazaar   | Entered a bazaar
 35571 | Bazaar   | Found Ziosoahar's Magic Scroll Shop.
 35571 | Bazaar   | Found Lizomaf's General Store.
 35571 | Bazaar   | Found Woar's Jewellery Shoppe.
 35573 | Bazaar   | Found Lusur's Book Boutique.
 35573 | Bazaar   | Found Aryluvad's Assorted Antiques.
 35576 | Bazaar   | Bought a scroll of blinking for 82 gold pieces
 35576 | Bazaar   | Bought a scroll of teleportation for 33 gold pieces
 35581 | Bazaar   | Bought a scroll of enchant armour for 120 gold pieces
 35589 | Bazaar   | Bought a scroll of magic mapping for 77 gold pieces
 35594 | Bazaar   | Bought the ring "Ysesek" {rF++ Int+6} for 747 gold pieces
 35703 | Vaults:4 | Found a crumbling gateway.
 35710 | Desolati | Entered the Desolation of Salt
 35818 | Desolati | Got Joliolyw's Volume of the Mountains and Flames
 35880 | Desolati | Identified the ring "Etusuix" {rC+ rN+ AC+4 Slay+3}
 35936 | Desolati | Identified the amulet "Tanynes" {Spirit +Blink rN+ Will-
                  | Str+9}
 35961 | Desolati | Identified the +8 glaive of Abuse {vamp, Str+2 Dex+2}
 36106 | Desolati | Reached XP level 20. HP: 167/167 MP: 30/33
 36182 | Desolati | Identified the ring of Aprag {rCorr AC+4 Int+5}
 36196 | Desolati | Got the Tome of Changing
 36201 | Desolati | Found the +8 whip "Snakebite" {venom, curare, rPois}
 36203 | Desolati | Identified the ring "Xekuath" {Wiz Fly Str+8 Slay-5 Stlth-}
 36299 | Desolati | Identified the ring "Nakary" {rC+ MP+9 Int+4}
 37905 | Vaults:4 | Reached skill level 20 in Invocations
 38417 | Spider:4 | Entered Level 4 of the Spider Nest
 39831 | Spider:4 | Got a gossamer rune of Zot
 40219 | Lair:1   | Killed Sibufos's ghost
 40694 | Elf:1    | Entered Level 1 of the Elven Halls
 40762 | Elf:1    | Reached XP level 21. HP: 176/176 MP: 35/35
 40825 | Elf:1    | Paralysed by an air elemental for 1 turns
 40993 | Elf:1    | Paralysed by an air elemental for 1 turns
 41218 | Elf:1    | Found Bupsu's Mass Market.
 41328 | Elf:1    | Found a runed translucent gate.
 41328 | Elf:1    | Found a runed translucent gate.
 41328 | Elf:1    | Found a runed translucent gate.
 41330 | Elf:1    | Noticed Gipuciap's ghost (adept MfIE)
 41539 | Elf:1    | Found Qomi's Jewellery Shoppe.
 41540 | Elf:1    | Found Wohargh's Book Shop.
 41542 | Elf:1    | Found Ruuladoa's Jewellery Shoppe.
 41550 | Elf:1    | Bought a manual of Fighting for 960 gold pieces
 42036 | Elf:1    | Killed Gipuciap's ghost
 42055 | Elf:1    | Identified the +2 helmet "Ceni" {+Blink rC- Regen+}
 42263 | Elf:2    | Paralysed by an air elemental for 1 turns
 42344 | Elf:2    | Found a huge runed translucent gate.
 42344 | Elf:2    | Found a huge runed translucent gate.
 42344 | Elf:2    | Found a huge runed translucent gate.
 42344 | Elf:2    | Found a huge runed translucent gate.
 42349 | Elf:2    | Found a huge runed translucent gate.
 42432 | Elf:2    | Found Bausm's Weapon Emporium.
 42879 | Elf:2    | HP: 6/172 [+1 bardiche of pain (15)]
 43478 | Elf:3    | Entered Level 3 of the Elven Halls
 43478 | Elf:3    | Found Kuutrav's Antique Weapon Emporium.
 43501 | Elf:3    | Found Ubio's Distillery.
 43501 | Elf:3    | Found Oguef's General Store.
 43537 | Elf:3    | Reached skill level 21 in Invocations
 43581 | Elf:3    | Found Deychi's Weapon Shoppe.
 43736 | Elf:3    | Reached skill level 15 in Fighting
 43745 | Elf:3    | Bought a potion of heal wounds for 80 gold pieces
 43745 | Elf:3    | Bought 3 scrolls of enchant weapon for 360 gold pieces
 43751 | Elf:3    | Bought the +8 broad axe of the Dancing Oracle {vamp, +Blink
                  | rF+} for 730 gold pieces
 43755 | Elf:3    | Bought a potion of haste for 140 gold pieces
 43755 | Elf:3    | Bought a potion of mutation for 112 gold pieces
 43755 | Elf:3    | Bought a potion of mutation for 112 gold pieces
 43958 | Elf:3    | Identified the +10 rapier of the Eternal Void {freeze,
                  | Dex+3}
 44154 | Elf:3    | Found the +10 morningstar "Eos" {elec, Halo rElec}
 44158 | Elf:3    | Found the +3 Elemental Staff {rElec rF++ rC++ AC+5}
 44160 | Elf:3    | Identified the ring of Egomania {rF+ EV+4 Slay+6}
 44161 | Elf:3    | Identified the ring of Uskayaw's Reproof {rElec rN++ Will+
                  | Str-2 Dex+4}
 44168 | Elf:3    | Identified the +2 falchion of Yqats {vorpal, rElec rF+ MP+9
                  | Dex+2}
 44174 | Elf:3    | Identified the +6 chain mail of Impressiveness {rElec Dex+2
                  | Stlth+}
 44235 | Elf:3    | Got the Handbook of Ghastly Transmutation
 44308 | Elf:3    | Identified the ring of the Tired Realms {rC+ Str+4}
 44833 | Depths:1 | Entered Level 1 of the Depths
 45016 | D:15     | Gained mutation: Your magical and physical power is
                  | slightly enhanced at high health. [demonic ancestry]
 45016 | D:15     | Reached XP level 22. HP: 184/188 MP: 28/36
 45413 | Depths:1 | Found a gateway to Hell.
 45512 | Depths:1 | Found Waas's Jewellery Shop.
 46789 | Depths:2 | Noticed a juggernaut
 46812 | Depths:2 | Killed a juggernaut
 47229 | Depths:2 | Found a one-way gate leading to the halls of Pandemonium.
 47491 | Depths:3 | Noticed a juggernaut
 47498 | Depths:3 | Noticed a juggernaut
 47511 | Depths:3 | Killed a juggernaut
 47512 | Depths:3 | Reached skill level 22 in Invocations
 47519 | Depths:3 | Killed a juggernaut
 47526 | Depths:3 | Paralysed by a floating eye for 2 turns
 48378 | Depths:4 | Entered Level 4 of the Depths
 48378 | Depths:4 | Found a one-way gateway to a ziggurat.
 48397 | Depths:4 | Noticed a caustic shrike
 48397 | Depths:4 | Noticed a caustic shrike
 48398 | Depths:4 | Noticed a caustic shrike
 48399 | Depths:4 | Noticed a caustic shrike
 48399 | Depths:4 | Noticed a caustic shrike
 48469 | Depths:3 | Killed a caustic shrike
 48515 | Depths:3 | Killed a caustic shrike
 48516 | Depths:3 | Reached XP level 23. HP: 158/201 MP: 22/38
 48527 | Depths:3 | Killed a caustic shrike
 48529 | Depths:3 | Killed a caustic shrike
 48532 | Depths:3 | Killed a caustic shrike
 48967 | Depths:4 | Found a gate to the Realm of Zot.
 49036 | Depths:4 | Found Uweisuo's General Store.
 49044 | Depths:4 | Bought a scroll of enchant weapon for 157 gold pieces
 49044 | Depths:4 | Bought a wand of acid (4) for 336 gold pieces
 49307 | Depths:4 | Got the Handbook of the Boiling Point
 49703 | Crypt:1  | Entered Level 1 of the Crypt
 50624 | Crypt:1  | Found a basalt altar of Yredelemnul.
 51079 | Crypt:3  | Entered Level 3 of the Crypt
 51411 | Crypt:3  | Reached skill level 23 in Invocations
 51542 | Crypt:3  | Found an ancient bone altar of Kikubaaqudgha.
 52009 | Crypt:3  | Gained mutation: Your magical and physical power is
                  | enhanced at high health. [demonic ancestry]
 52009 | Crypt:3  | Reached XP level 24. HP: 209/212 MP: 38/38
 52189 | Crypt:3  | Got the Reference Book on the Shifting Oath
 52481 | Crypt:3  | Found a staircase to the Tomb.
 52685 | Vaults:5 | Entered Level 5 of the Vaults
 52697 | Vaults:5 | Noticed a dread lich
 52715 | Vaults:5 | Noticed an ancient lich
 52721 | Vaults:5 | Killed a dread lich
 52731 | Vaults:5 | Killed an ancient lich
 53253 | Vaults:5 | Identified the +2 chain mail of the Old and Reckless {rPois
                  | Int-3 SInv}
 54214 | Vaults:5 | Got the Reference Book on the Glacier
 54248 | Vaults:5 | Got a silver rune of Zot
 54467 | Vaults:5 | Identified the +6 plate armour of Poomu {rC+ Will- Int+3}
 54825 | Slime:1  | Entered Level 1 of the Pits of Slime
 54854 | Lair:5   | Reached skill level 24 in Invocations
 55102 | Slime:1  | Gained mutation: Your magical and physical power is greatly
                  | enhanced at high health. [demonic ancestry]
 55102 | Slime:1  | Reached XP level 25. HP: 216/222 MP: 38/39
 55214 | Slime:3  | Paralysed by a floating eye for 4 turns
 55223 | Slime:3  | Paralysed by a floating eye for 4 turns
 55324 | Slime:5  | Entered Level 5 of the Pits of Slime
 55361 | Slime:5  | Noticed the Royal Jelly
 56185 | Slime:5  | Found a viscous altar of Jiyva.
 56186 | Slime:5  | Found the +5 demon whip "Spellbinder" {antimagic, Will+}
 56187 | Slime:5  | Found the +8 mithril axe "Arga" {speed, Will+}
 56188 | Slime:5  | Found the +5 sword of Power {vorpal}
 56193 | Slime:5  | Fell from the grace of Qazlal
 56193 | Slime:5  | Became a worshipper of Jiyva Jeloagh the Shapeless
 57097 | Elf:3    | Bought a +1 kite shield of cold resistance for 264 gold
                  | pieces
 57703 | Zot:1    | Entered Level 1 of the Realm of Zot
 58673 | Elf:1    | Bought a ring of poison resistance for 360 gold pieces
 59716 | Zot:1    | Noticed a shard shrike
 59736 | Depths:4 | Killed a shard shrike
 59806 | Depths:3 | Voluntarily entered the Abyss.
 59866 | Abyss:2  | Found a shadowy altar of Dithmenos.
 59875 | Abyss:2  | Found a corrupted altar of Lugonu.
 59974 | Abyss:3  | Found a hazy altar of Hepliaklqana.
 60719 | Abyss:3  | Noticed an ancient lich
 60731 | Abyss:3  | Killed an ancient lich
 61019 | Abyss:3  | Gained mutation: Armour fits poorly on your strangely
                  | shaped body. [a neqoxec]
 61603 | Abyss:4  | Paralysed by accursed screaming for 1 turns
 61613 | Depths:3 | Escaped the Abyss
 61644 | Depths:3 | Voluntarily entered the Abyss.
 61725 | Depths:3 | Escaped the Abyss
 61799 | Depths:3 | Voluntarily entered the Abyss.
 61799 | Abyss:1  | Found a corrupted altar of Lugonu.
 61800 | Abyss:1  | Fell from the grace of Jiyva
 62435 | Abyss:2  | Found a burning altar of Makhleb.
 62437 | Abyss:2  | Paralysed by accursed screaming for 1 turns
 62473 | Abyss:2  | Gained mutation: Your magical capacity is low. (-10% MP) [a
                  | neqoxec]
 62682 | Abyss:3  | Found a corrupted altar of Lugonu.
 62712 | Abyss:4  | Found a corrupted altar of Lugonu.
 62844 | Abyss:4  | Found a sparkling altar of Nemelex Xobeh.
 62854 | Abyss:4  | Found a viscous altar of Jiyva.
 62860 | Abyss:4  | Became a worshipper of Jiyva Jeloagh the Shapeless
 62942 | Abyss:4  | Found a corrupted altar of Lugonu.
 63243 | Abyss:4  | Found a shimmering blue altar of Sif Muna.
 63258 | Abyss:4  | Got the Compendium of Snow
 63308 | Abyss:4  | Found a shimmering blue altar of Sif Muna.
 63314 | Abyss:4  | Got the Guide on Confrontation
 63379 | Abyss:4  | Got the Disquisition on Transmutation
 63383 | Abyss:4  | Found a shimmering blue altar of Sif Muna.
 63631 | Depths:3 | Escaped the Abyss
 63709 | Hell     | Entered the Vestibule of Hell
 63709 | Hell     | Noticed Geryon
 63722 | Hell     | Noticed Murray
 63726 | Hell     | HP: 9/203 [hell knight/+0 war axe (5)]
 63726 | Hell     | HP: 1/203 [freezing wraith (8)]
 63726 | Hell     | Mangled by a freezing wraith

Illustrated notes

Levels and vault maps discovered:
D:1:      dpeg_arrival_ratfight, layout_basic,
          hellmonk_ecumenical_altar_arch_garden
D:2:      layout_loops_ring, serial_bayou_crossing
D:3:      layout_basic, minmay_goblin_outpost
D:4:      layout_loops_ring, minmay_temple_entry_grid
D:5:      layout_loops_ring, uniq_edmund, uniq_menkaure
D:6:      layout_basic, lemuel_flame_loot_1
D:7:      layout_basic, slow_altar_2, nicolae_ossuary_entry_monument,
          minmay_misc_feat_x
D:8:      layout_cave_pools, nicolae_wooded_promenade, chequers_big_river,
          uniq_erica
D:9:      cheibrodos_grave_circle, layout_gridville, dpeg_lair_monsters,
          orc_0_dummy, hellmonk_guarded_unrand_gong
D:10:     layout_cave_pods, minmay_fountain_box, uniq_grum, uniq_harold
D:11:     layout_basic, serial_shops, shop, shop_statue, nicolae_shop_trees,
          nicolae_stop_n_shop_2, shop_fountains, minivault_12
D:12:     layout_stronghold, zin_purify
D:13:     layout_roguey
D:14:     minmay_gate_of_8, layout_cross, david_vaults_3, nicolae_two_hexagons,
          uniq_roxanne, uniq_lodul
D:15:     grunt_enter_depths_hoard, layout_basic, nemelex_diamond_rough_becter,
          hangedman_abyss_or_decor_lesser_grid, serial_bayou_pond_d, uniq_louise
Temple:   roderic_octagonal_lattice_temple
Lair:1:   layout_gridlike, ebering_ghost_xom, grunt_megastairs_3
Lair:2:   layout_gridlike, hellmonk_spider_entry_not_the_bees
Lair:3:   layout_regular_city, swamp_mist, uniq_amaemon, uniq_sonja
Lair:4:   beast_lair_carwin_large_2, layout_hall_layers, uniq_nergalle
Lair:5:   layout_cave_pods, slime_dummy, basic_altar,
          cheibrodos_lair_reptile_den
Lair:6:   hellmonk_lair_end_abyssal_woods, layout_hall_layers,
          serial_bayou_shore_b
Swamp:1:  layout_basic_swamp, evilmike_swamp_ruin_house_6
Swamp:2:  layout_basic_swamp, evilmike_swamp_ruin_wall, swamp_pool1,
          nzn_swamp_stair_ambush, infiniplex_staircase_pool
Swamp:3:  layout_basic_swamp, evilmike_swamp_ruin_house_4,
          nicolae_swamp_frolicking_bunyips, infiniplex_staircase_pool_2,
          uniq_donald
Swamp:4:  swamp_fiery, layout_basic_swamp, uniq_aizul
Spider:1: layout_cave_pods, drop_trap, hangedman_spider_trapstep
Spider:2: layout_chambers
Spider:3: nicolae_spider_hilbert_zone_4 [nicolae_spider_hilbert_4_sides_2_open,
          nicolae_spider_hilbert_4_sides_1_open,
          nicolae_spider_hilbert_4_sides_1_open,
          nicolae_spider_hilbert_4_sides_1_open,
          nicolae_spider_hilbert_4_sides_1_open,
          nicolae_spider_hilbert_2_sides_1_open,
          nicolae_spider_hilbert_2_sides_1_open,
          nicolae_spider_hilbert_2_sides_1_open,
          nicolae_spider_hilbert_2_sides_1_open,
          nicolae_spider_hilbert_6_sides_1_open,
          nicolae_spider_hilbert_6_sides_1_open,
          nicolae_spider_hilbert_3_sides_1_open,
          nicolae_spider_hilbert_3_sides_1_open], nicolae_spider_shape,
          nicolae_spider_cling_halls, uniq_asterion
Spider:4: grunt_spider_rune_island, spiders_nest_hornet_nest
Slime:1:  layout_caves, amcnicky_altar_lugonu_corruption
Slime:2:  layout_caves, cheibrodos_slime_lost_civilization_4
Slime:3:  layout_caves
Slime:4:  layout_caves
Slime:5
Orc:1:    layout_caves, biasface_ghost_orc_armoury
Orc:2:    st_orc_elflike, layout_caves, serial_shops, nicolae_shop_waterfront,
          hellmonk_bongcloud_opening, uniq_saint_roka
Elf:1:    elf_arrival_001, layout_loops_cross, gammafunk_ghost_tricky_traps,
          evilmike_minifort, dk_noncrumbling_4, minmay_shop_mass,
          minmay_shop_grove
Elf:2:    elven_hall_of_blades_hangedman_alternative [grunt_blade_entry_basic],
          layout_geoelf_diagonals, serial_shops, nicolae_shop_waterfront
Elf:3:    minmay_elf_hall_spiked, layout_rooms, minmay_shoptagon
Vaults:1: v_alt_pattern_6, nicolae_vaults_arrows, nicolae_vaults_network_star,
          vaults_mumra_lcd, nicolae_vaults_circle_grid_b, v_pattern_4,
          nicolae_vaults_big_ls, vaults_room_grunt_arrival_ludios,
          grunt_vaults_bifocal, nicolae_vaults_specimen_jars,
          nicolae_vaults_murderbox, layout_vaults_big_cross, serial_shops,
          nicolae_shop_bloodbath_and_beyond
Vaults:2: ontoclasm_vaults_eye, v_misc_33, dpeg_vaults_waves,
          vaults_room_door_ring, layout_vaults_omnigrid
Vaults:3: vaults_room_hallway, v_pattern_5, grunt_vaults_twisty, v_rooms_1,
          nicolae_vaults_ninety_degrees, nicolae_vaults_little_squares_3,
          hangedman_vaults_nodes, layout_vaults_chaotic_city
Vaults:4: portal_desolation_entry_nicolae_nacl, v_misc_4,
          nicolae_vaults_network_quinsquares
          [nicolae_vaults_network_quincunx_subvault,
          nicolae_vaults_network_quincunx_subvault,
          nicolae_vaults_network_quincunx_subvault,
          nicolae_vaults_network_quincunx_subvault], nicolae_vaults_asterisk,
          v_misc_33, nicolae_vaults_puzzle_piece, grunt_vaults_hallway_short,
          hangedman_vaults_maws, nicolae_vaults_know_your_exits,
          nicolae_vaults_network_s, v_misc_14, nicolae_vaults_rhombus_5,
          v_misc_8, ontoclasm_vaults_loading_screen, layout_vaults_ring,
          serial_shops, bzr_entry_safe
Vaults:5: serial_shops
Crypt:1:  layout_basic, lemuel_upstairs_altar
Crypt:2:  layout_rooms
Crypt:3:  church_of_pain_bobbens, layout_chaotic_city,
          nicolae_tomb_entry_unfolded_pyramid_orthogonal
Depths:1: layout_gridlike, infiniplex_staircase_pool_lava, serial_shops,
          shop_statue, serial_glass, glass_columns_a, glass_columns_a,
          glass_columns_a, glass_columns_a, glass_columns_b, glass_columns_b,
          glass_columns_a, glass_columns_b, grunt_hell_horde,
          kennysheep_generic_room_14
Depths:2: hangedman_stitches_corridor, layout_small_grid, pf_coc_iceberg,
          pan_entry, minmay_misc_feat_roman
Depths:3: minmay_curly_fans, layout_twisted_cross, abyss_entry,
          rand_demon_pan_entry_3, serial_co_window_serial, co_window_paths_a,
          co_window_paths_a, co_window_corner_a, co_window_paths_b,
          co_window_of_opportunity_a, co_window_paths_a, co_window_paths_b,
          co_window_2corner, co_window_corner_b, co_window_unsneaky_path_e,
          co_window_of_opportunity_b, co_window_unsneaky_path_a,
          glass_columns_b, hell_entry
Depths:4: evilmike_zot_entry_argh, layout_cave_pools, enter_ziggurat_c,
          hell_entry, serial_shops, shop, serial_sigils_hangedman_gut, hex_large
Hell
Zot:1:    circus_mu, layout_misc_corridors, gammafunk_ghost_split

Skill      XL: |  1  2  3  4  5  6  7  8  9 10 11 12 13 14 15 16 17 18 19 20 21 22 23 24 |
---------------+-------------------------------------------------------------------------+-----
Axes           | 2 3 4 5 6 8 10 11 13 14 15 16 17 18 19 20 21 22 23 | 23.5
Armour         | 3 4 5 6 7 8 9 10 11 12 13 | 13.5
Shields        | 3 4 5 6 8 10 12 13 15 16 17 19 20 21 22 23 | 23.5
Invocations    | 1 3 4 6 7 9 10 12 13 14 16 17 18 19 20 21 22 23 24 | 24.5
Fighting       | 4 5 6 7 8 9 10 11 12 13 14 15 17 18 19 | 19.9
Evocations     | 3 5 6 7 9 |  9.1

Action                   |  1- 3 |  4- 6 |  7- 9 | 10-12 | 13-15 | 16-18 | 19-21 | 22-24 | 25-27 || total
-------------------------+-------+-------+-------+-------+-------+-------+-------+-------+-------++-------
Melee: War axe           |    84 |    42 |       |       |       |       |       |       |       ||   126
       Hand axe          |       |    90 |   201 |   510 |  1227 |  1856 |  1839 |       |       ||  5723
       Tailslap          |       |     2 |    27 |    81 |   240 |   404 |   538 |   438 |   336 ||  2066
       Broad axe         |       |       |       |       |       |       |   357 |  1665 |  1504 ||  3526
Invok: Upheaval          |       |       |       |     5 |     7 |    14 |     2 |     1 |     2 ||    31
 Abil: Evoke Invisibilit |       |       |       |       |       |     1 |       |       |       ||     1
Evoke: Wand              |       |       |       |    11 |     9 |    11 |    24 |     6 |    21 ||    82
       Box of beasts     |       |       |       |       |       |     1 |     1 |       |       ||     2
       Condenser vane    |       |       |       |       |       |       |       |       |     1 ||     1
  Use: Potion            |     1 |       |     2 |     2 |     1 |     6 |     5 |     7 |     7 ||    31
       Scroll            |       |       |    12 |    10 |    15 |     7 |    19 |     8 |     5 ||    76
 Stab: Paralysed         |       |       |       |     7 |     7 |       |       |       |     1 ||    15
       Petrified         |       |       |       |       |    20 |       |       |       |       ||    20
       Petrifying        |       |       |       |       |     1 |       |       |       |       ||     1
       Confused          |       |       |       |       |       |    10 |       |     3 |       ||    13
       Invisible         |       |       |       |       |       |     3 |       |     7 |       ||    10
       Distracted        |       |       |       |       |       |       |       |       |     1 ||     1
Armor: Scale mail        |    45 |    48 |    89 |   191 |   127 |       |       |       |       ||   500
       Plate armour      |       |       |       |       |   149 |   774 |   427 |   530 |   682 ||  2562
Dodge: Dodged            |    35 |    47 |    65 |   101 |    15 |    58 |    41 |    59 |   210 ||   631
       Repelled          |       |       |       |       |       |       |     2 |     2 |     2 ||     6
Block: Buckler           |    38 |    48 |    80 |   161 |       |       |       |       |       ||   327
       Kite shield       |       |       |       |   470 |  1483 |  2584 |  2566 |  2417 |  1288 || 10808

Table legend: (Time is in decaauts)
 A = Elapsed time spent in this place.
 B = Non-inter-level travel time spent in this place.
 C = Inter-level travel time spent in this place.
 D = Time resting spent in this place.
 E = Time spent auto-exploring this place.
 F = Levels seen in this place.
 G = Mean time per level.
                   A        B        C        D        E       F      G
               +--------+--------+--------+--------+--------+-----+--------+
         Total |  61699 |  54796 |   6903 |   5885 |  30316 |  66 |  934.8 |
       Dungeon |  18151 |  15394 |   2757 |   2487 |   9652 |  15 | 1210.1 |
        Temple |     39 |     24 |     15 |      0 |     16 |   1 |   39.0 |
          Lair |   6088 |   5101 |    987 |    227 |   3857 |   6 | 1014.7 |
         Swamp |   3284 |   3051 |    233 |    469 |   1496 |   4 |  821.0 |
   Spider Nest |   5148 |   4572 |    576 |     41 |   3195 |   4 | 1287.0 |
    Slime Pits |   1259 |   1192 |     67 |    376 |     69 |   5 |  251.8 |
  Orcish Mines |   1645 |   1349 |    296 |    100 |    685 |   2 |  822.5 |
   Elven Halls |   4877 |   4397 |    480 |    489 |   1927 |   3 | 1625.7 |
        Vaults |   8197 |   7561 |    636 |    657 |   4545 |   5 | 1639.4 |
         Crypt |   2813 |   2632 |    181 |    236 |   1486 |   3 |  937.7 |
        Depths |   5396 |   4727 |    669 |    570 |   2789 |   4 | 1349.0 |
          Hell |     12 |     12 |      0 |      0 |      0 |   1 |   12.0 |
           Zot |    126 |    126 |      0 |     10 |      0 |   1 |  126.0 |
         Abyss |   3455 |   3455 |      0 |    126 |    207 |   9 |  383.9 |
        Bazaar |     58 |     58 |      0 |      0 |      0 |   1 |   58.0 |
       Ossuary |    215 |    215 |      0 |     68 |     40 |   1 |  215.0 |
    Desolation |    929 |    929 |      0 |     27 |    349 |   1 |  929.0 |
               +--------+--------+--------+--------+--------+-----+--------+

Top non-repeatable levels by time:
     D:8: 2553 daAuts
Vaults:1: 2287 daAuts
Vaults:4: 1984 daAuts
   Elf:2: 1971 daAuts
   Elf:1: 1700 daAuts
     D:9: 1571 daAuts
    D:10: 1564 daAuts
Depths:3: 1440 daAuts
Vaults:2: 1403 daAuts
Spider:4: 1403 daAuts
Depths:4: 1391 daAuts
Vaults:3: 1387 daAuts
Spider:3: 1384 daAuts
    D:15: 1352 daAuts
  Lair:6: 1344 daAuts
